 Dungeon Crawl Stone Soup version 0.31-a0-986-g5e6e4ef867 (webtiles) character file.

Game seed: 11479075714042334661

117266 lessens the Nimble (level 16, -3/214 HPs)
             Began as a Gnoll Monk on Nov 11, 2023.
             Was the Champion of Trog.
             Slain by a swamp dragon (11 damage)
             ... on level 4 of the Swamp on Nov 12, 2023.
             The game lasted 01:03:18 (28720 turns).

lessens the Nimble (Gnoll Monk)                    Turns: 28720, Time: 01:03:18

Health: -3/214     AC: 17    Str: 17    XL:     16   Next: 73%
Magic:  31/31      EV: 21    Int: 11    God:    Trog [******]
Gold:   1607       SH: 11    Dex: 12    Spells: 37/37 levels left

rFire   + + +        b - +0 broad axe (flame)
rCold   + . .        W - +0 kite shield
rNeg    + + .        X - +2 chain mail {rF+}
rPois   +            j - +1 helmet
rElec   +            Z - +0 cloak
rCorr   .            m - +0 pair of gloves
SInv    .            k - +0 pair of boots
Will    +....        J - amulet of regeneration
Stlth   x              - ring of Equivalence {*Corrode rElec rPois rF++ EV+5}
HPRegen 1.35/turn    M - ring of Vyllanem {rF+ rC+ rN++ EV+5 Dex-3}
MPRegen 0.22/turn

%: corrode self (3%)
@: berserking (expiring), corroded, studying Throwing, invisible, quick
A: fangs 1, strong nose, distributed training, robust 1
a: Renounce Religion, Berserk, Trog's Hand, Brothers in Arms


You were on level 4 of the Swamp.
You worshipped Trog.
Trog was exalted by your worship.
You visited 5 branches of the dungeon, and saw 26 of its levels.
You also visited: Sewer and Bailey.

You collected 3463 gold pieces.
You spent 1856 gold pieces at shops.

Inventory:

Hand Weapons
 a - a +2 spectral broad axe
 b - a +0 broad axe of flaming (weapon)
Missiles
 e - 214 stones
 h - 4 atropa-tipped darts
 s - 5 curare-tipped darts
 v - 37 poisoned darts
 A - 22 boomerangs (quivered)
 E - 4 throwing nets
Armour
 d - an orb of light
 j - a +1 helmet (worn)
 k - a +0 pair of boots (worn)
 m - a +0 pair of gloves (worn)
 S - +0 swamp dragon scales
 W - a +0 kite shield (worn)
 X - a +2 chain mail of fire resistance (worn)
 Z - a +0 cloak (worn)
Jewellery
 x - the ring of Equivalence (left hand) {*Corrode rElec rPois rF++ EV+5}
   (You acquired it on level 2 of the Swamp)

   [ring of evasion]

   EV+5:      It affects your evasion (+5).
   rF++:      It greatly protects you from fire.
   rElec:     It insulates you from electricity.
   rPois:     It protects you from poison *Corrode: It may corrode you when you
   take damage.
 y - the ring "Wuteroypa" {Fire Fly Will+ Dex+3}
   (You bought it in a shop on level 2 of the Orcish Mines)

   [ring of fire]

   Fire:      It enhances your fire magic.
   Dex+3:     It affects your dexterity (+3).
   rF+:       It protects you from fire.
   rC-:       It makes you vulnerable to cold.
   Will+:     It increases your willpower.
   Fly:       It grants you flight.
 H - a ring of protection from fire
 J - an amulet of regeneration (around neck)
 K - a ring of protection from cold
 M - the ring of Vyllanem (right hand) {rF+ rC+ rN++ EV+5 Dex-3}
   (You bought it in a shop on level 2 of the Orcish Mines)

   [ring of evasion]

   EV+5:      It affects your evasion (+5).
   Dex-3:     It affects your dexterity (-3).
   rF+:       It protects you from fire.
   rC+:       It protects you from cold.
   rN++:      It greatly protects you from negative energy.
 O - a ring of poison resistance
 V - the ring "Rumurole" {Will++ MP+9}
   (You acquired it on level 11 of the Dungeon)

   [ring of magical power]

   Will++:    It greatly increases your willpower.
   MP+9:      It affects your magic capacity (+9).
Wands
 n - a wand of flame (3)
 q - a wand of roots (13)
 C - a wand of polymorph (26)
 D - a wand of quicksilver (20)
 F - a wand of paralysis (25)
Scrolls
 g - 11 scrolls of teleportation
 l - 5 scrolls of poison
 o - 2 scrolls of fog
 p - 3 scrolls of fear
 r - a scroll of butterflies
 t - 3 scrolls of enchant armour
 w - 6 scrolls of blinking
 L - 2 scrolls of vulnerability
 P - 2 scrolls of torment
 R - 5 scrolls of immolation
 T - 3 scrolls of revelation
Potions
 c - a potion of cancellation
 f - 5 potions of haste
 i - 6 potions of might
 u - 2 potions of invisibility
 z - 15 potions of curing
 B - 3 potions of ambrosia
 G - 6 potions of attraction
 I - 3 potions of heal wounds
 N - 2 potions of mutation
 Q - 5 potions of lignification
 U - a potion of resistance


   Skills:
 + Level 13.0 Fighting
 + Level 11.3 Short Blades
 + Level 11.3 Long Blades
 + Level 13.0 Axes
 + Level 11.3 Maces & Flails
 + Level 11.3 Polearms
 + Level 11.3 Staves
 + Level 11.3 Ranged Weapons
 + Level 12.6 Throwing
 + Level 11.3 Armour
 + Level 13.0 Dodging
 + Level 11.3 Stealth
 + Level 11.3 Shields
 + Level 11.3 Unarmed Combat
 + Level 11.3 Spellcasting
 + Level 9.5 Conjurations
 + Level 9.5 Hexes
 + Level 9.5 Summonings
 + Level 9.5 Necromancy
 + Level 9.5 Translocations
 + Level 9.5 Transmutations
 + Level 9.5 Fire Magic
 + Level 9.5 Ice Magic
 + Level 9.5 Air Magic
 + Level 9.5 Earth Magic
 + Level 9.5 Poison Magic
 + Level 12.3 Invocations
 + Level 11.3 Evocations
 + Level 10.4 Shapeshifting


You had 37 spell levels left.
You didn't know any spells.
Your spell library contained the following spells:

 Spells                   Type           Power      Damage    Failure   Level
 Wereblood                Tmut           27%        N/A       4%          2
 Irradiate                Conj/Tmut      13%        3d16      63%         5


Dungeon Overview and Level Annotations

Branches:
Dungeon (14/15) Zot: 25634  Temple (1/1) D:5 Zot: 5874    Lair (5/5) D:10 Zot: 23154
  Swamp (4/4) Lair:2 Zot: 20391   Snake (0/4) Lair:3        Slime (0/5) Lair:5
    Orc (2/2) D:10 Zot: 10097     Elf (0/3) Orc:2        Vaults (0/5) D:13
  Sewer (visited)          Bailey (visited)

Altars:
Ashenzari
Cheibriados
Dithmenos
Elyvilon
Fedhas
Gozag
Hepliaklqana
Kikubaaqudgha
Makhleb
Nemelex Xobeh
Okawaru
Qazlal
Ru
Sif Muna
Trog
Uskayaw
Vehumet
Wu Jian
Xom
Yredelemnul
Zin
The Shining One
Jiyva

Shops:
D:4 !   D:14 *   Orc:2 =(*:

Portals:
Hell: Lair:5

Annotations:
D:7 2 transporters, DoNotCum's ghost, novice DECj
Lair:4 1 runed translucent door, jasper's ghost, journeyman HuFi
Swamp:4 Lernaean hydra


Innate Abilities, Weirdness & Mutations

You have very sharp teeth.
Your uncanny sense of smell can sniff out nearby items.
Your experience applies equally to all skills.
You are robust. (+10% HP)


Message History

You block the 24-headed Lernaean hydra's attack.
The 24-headed Lernaean hydra bites you.
* * * LOW HITPOINT WARNING * * *
Your unstable footing causes you to fumble your attack.
The 24-headed Lernaean hydra closely misses you.
The 24-headed Lernaean hydra barely misses you.
The 24-headed Lernaean hydra bites you.
* * * LOW HITPOINT WARNING * * *
The 24-headed Lernaean hydra bites you!
* * * LOW HITPOINT WARNING * * *
The 24-headed Lernaean hydra bites you.
* * * LOW HITPOINT WARNING * * *
The 24-headed Lernaean hydra misses you.
The 24-headed Lernaean hydra bites you!
* * * LOW HITPOINT WARNING * * *
You block the 24-headed Lernaean hydra's attack. x2
The 24-headed Lernaean hydra bites you but does no damage.
The 24-headed Lernaean hydra bites you.
* * * LOW HITPOINT WARNING * * *
The 24-headed Lernaean hydra bites you but does no damage.
The 24-headed Lernaean hydra bites you.
* * * LOW HITPOINT WARNING * * *
The 24-headed Lernaean hydra completely misses you.
The 24-headed Lernaean hydra bites you but does no damage. x2
The 24-headed Lernaean hydra bites you.
* * * LOW HITPOINT WARNING * * *
The 24-headed Lernaean hydra bites you.
* * * LOW HITPOINT WARNING * * *
Your corrosive artefact corrodes you!
You block the 24-headed Lernaean hydra's attack.
The 24-headed Lernaean hydra bites you.
* * * LOW HITPOINT WARNING * * *
The 24-headed Lernaean hydra barely misses you.
The 24-headed Lernaean hydra bites you but does no damage. x2
The 24-headed Lernaean hydra misses you.
You hit the 24-headed Lernaean hydra. You burn the 24-headed Lernaean hydra.
The 24-headed Lernaean hydra is severely wounded.
You slash the swamp dragon! You burn the swamp dragon.
You barely miss the swamp dragon. The swamp dragon bites you!
You die...

♣≈###.÷#≈♣
♣≈~~~~~~..~
## ##÷## .
♣♣♣~~§~~~.§
# #~÷## ≈♣
♣.~~~.~.~ #≈
##≈÷.## ♣
♣..~~~..~
≈~≈##~~÷.~#
♣♣..~~.♣.
#≈≈≈~.≈≈#
♣♣♣..~♣†
.##~~#~.≈#≈#
♣♣~.~~
#≈~≈~≈#.##≈#
~~.~.
.....~D@~≈##
~~....~
#≈≈~~~DD###
~......
.≈#.~≈≈D~
...~~~.♣
#≈.~≈#.."≈
♣..~.♣
~≈##≈≈≈.##≈
≈ ~§.#.≈ ##
.≈≈~≈.~
≈≈≈~≈~..


You could see the 24-headed Lernaean hydra, a six-headed hydra and 2 swamp
dragons.

Vanquished Creatures
  Gastronok (D:11)
  A thorn hunter (Swamp:3)
  A fenstrider witch (Swamp:2)
  A dire elephant (Lair:3)
  3 eleionomae
  The ghost of Xavori the Nimble, a journeyman DjCK of Xom (Lair:3)
  2 bunyips
  Josephine (D:10)
  A hell beast (Lair:5)
  Fannar (D:10)
  Harold (D:10)
  2 ghost crabs
  14 hydras
  2 vault guards (Bailey)
  A rakshasa (D:13)
  A catoblepas (D:14)
  5 centaur warriors
  2 boulder beetles (D:12)
  4 alligators
  7 two-headed ogres
  An occultist (Lair:5)
  4 orc high priests
  Sonja (Lair:5)
  5 skeletal warriors
  2 fire crabs (Lair:2)
  2 goliath frogs
  7 swamp dragons
  6 bog bodies
  Lodul (D:11)
  2 spriggan druids
  Pikel (D:9)
  6 orc knights
  A necromancer (D:13)
  4 manticores
  A deep elf pyromancer (D:14)
  5 orc sorcerers
  An ugly thing (D:12)
  2 will-o-the-wisps
  3 cyclopes
  3 orange demons (Lair:5)
  Maurice (D:11)
  9 black mambas
  19 elephants (Lair:3)
  A smoke demon (Lair:5)
  A torpor snail (Lair:3)
  8 cane toads
  A gargoyle (D:12)
  An unseen horror (D:12)
  8 komodo dragons
  An efreet (D:13)
  7 rime drakes
  An ice devil (Lair:5)
  A red devil (Lair:5)
  3 polar bears
  A bloated husk (Swamp:4)
  3 meliai
  11 trolls
  8 tyrant leeches
  5 hornets
  Grinder (D:3)
  Prince Ribbit (Bailey)
  15 dream sheep
  17 blink frogs
  6 slime creatures (D:14)
  6 spriggans
  A culicivora (shapeshifter) (D:14)
  7 wyverns
  8 wraiths
  A shadow (D:9)
  37 yaks
  A vampire (D:7)
  4 basilisks
  5 humans (Bailey)
  A steam dragon (D:7)
  6 vampire mosquitoes
  6 wargs
  An acid dragon (D:12)
  16 swamp worms
  15 water moccasins
  4 hell hounds (Lair:5)
  5 swamp drakes (Swamp:4)
  2 black bears
  18 orc warriors
  2 ice beasts
  17 ogres
  14 wolves (Lair:3)
  11 centaurs
  3 phantoms
  Blork the orc (D:5)
  6 kobold brigands
  23 bullfrogs
  7 scorpions
  3 wights (D:9)
  9 electric eels
  4 howler monkeys
  4 crimson imps (D:14)
  2 hounds
  A jelly (D:6)
  7 orc priests
  2 gnoll boudas
  Jessica (D:3)
  25 orc wizards
  4 sleepcaps
  4 iguanas
  Robin (D:2)
  10 gnolls
  5 adders
  2 river rats (Sewer)
  A shadow imp (D:7)
  A white imp (D:6)
  2 worms
  4 dart slugs
  57 orcs
  8 endoplasms
  3 giant cockroaches (D:1)
  14 goblins
  11 hobgoblins
  12 jackals
  A quokka (D:2)
  6 ball pythons
  5 bats
  5 frilled lizards
  21 kobolds
  7 rats
710 creatures vanquished.

Vanquished Creatures (others)
  A swamp dragon (Swamp:4)
  3 bloated husks
  2 swamp drakes (Swamp:4)
  A centaur (D:14)
  8 foxfires
  31 spectral weapons
46 creatures vanquished.

Grand Total: 756 creatures vanquished

Notes
Turn   | Place    | Note
-------+----------+-------------------------------------------
     0 | D:1      | lessens the Gnoll Monk began the quest for the Orb.
     0 | D:1      | Reached XP level 1. HP: 23/23 MP: 1/1
   158 | D:1      | Reached XP level 2. HP: 26/29 MP: 2/2
   308 | D:1      | Reached XP level 3. HP: 35/35 MP: 3/3
   739 | D:1      | Reached skill level 1 in Invocations
  1059 | D:2      | Noticed Robin
  1061 | D:2      | Killed Robin
  1062 | D:2      | Reached skill level 1 in Short Blades
  1062 | D:2      | Reached skill level 1 in Long Blades
  1062 | D:2      | Reached skill level 1 in Maces & Flails
  1062 | D:2      | Reached skill level 1 in Polearms
  1062 | D:2      | Reached skill level 1 in Staves
  1062 | D:2      | Reached skill level 1 in Ranged Weapons
  1062 | D:2      | Reached skill level 1 in Throwing
  1062 | D:2      | Reached skill level 1 in Armour
  1062 | D:2      | Reached skill level 1 in Stealth
  1062 | D:2      | Reached skill level 1 in Shields
  1062 | D:2      | Reached skill level 1 in Unarmed Combat
  1062 | D:2      | Reached skill level 1 in Spellcasting
  1062 | D:2      | Reached skill level 1 in Evocations
  1062 | D:2      | Reached XP level 4. HP: 36/41 MP: 1/5
  1066 | D:2      | Reached skill level 1 in Shapeshifting
  1236 | D:2      | Found a glowing silver altar of Zin.
  2035 | D:3      | Noticed Grinder
  2035 | D:3      | Paralysed by Grinder for 3 turns
  2143 | D:3      | Noticed Jessica
  2150 | D:3      | Killed Jessica
  2151 | D:3      | Reached skill level 1 in Conjurations
  2151 | D:3      | Reached skill level 1 in Hexes
  2151 | D:3      | Reached skill level 1 in Summonings
  2151 | D:3      | Reached skill level 1 in Necromancy
  2151 | D:3      | Reached skill level 1 in Translocations
  2151 | D:3      | Reached skill level 1 in Transmutations
  2151 | D:3      | Reached skill level 1 in Fire Magic
  2151 | D:3      | Reached skill level 1 in Ice Magic
  2151 | D:3      | Reached skill level 1 in Air Magic
  2151 | D:3      | Reached skill level 1 in Earth Magic
  2151 | D:3      | Reached skill level 1 in Poison Magic
  2308 | D:3      | Found a glowing drain.
  2332 | Sewer    | Entered a sewer
  2386 | Sewer    | Reached XP level 5. HP: 47/47 MP: 1/7
  2455 | Sewer    | Noticed a kobold brigand
  2464 | Sewer    | Killed a kobold brigand
  2696 | Sewer    | Noticed a kobold brigand
  2706 | Sewer    | Noticed a kobold brigand
  2715 | Sewer    | Killed a kobold brigand
  2716 | Sewer    | Reached XP level 6. HP: 44/53 MP: 2/8
  3271 | D:3      | Killed Grinder
  3272 | D:3      | Reached XP level 7. HP: 20/60 MP: 3/10
  3501 | D:3      | Identified the beast talisman "Toipo" {rPois rF+ Int-3}
  4171 | D:4      | Identified the +9 long sword of Peixzo Giak {flame, Dex+4}
  4542 | D:4      | Found Tethoer's Distillery.
  4719 | D:4      | Found a snail-covered altar of Cheibriados.
  5356 | D:5      | Entered Level 5 of the Dungeon
  5364 | D:5      | Reached XP level 8. HP: 67/67 MP: 12/12
  5635 | D:5      | Noticed Blork the orc
  5644 | D:5      | Killed Blork the orc
  5653 | D:5      | Found a staircase to the Ecumenical Temple.
  5662 | Temple   | Entered the Ecumenical Temple
  5671 | Temple   | Became a worshipper of Trog the Wrathful
  5671 | Temple   | Reached * piety under Trog
  5671 | Temple   | Reached ** piety under Trog
  6483 | D:6      | Reached XP level 9. HP: 62/73 MP: 14/14
  6744 | D:6      | Identified the +1 robe of the Evil One {Int+8 Dex-5}
  6834 | D:6      | You fall into a shaft and drop 1 floor!
  6835 | D:7      | Found a transporter.
  6835 | D:7      | Noticed a troll
  6836 | D:7      | Found a transporter.
  6837 | D:7      | Noticed a moth of wrath
  6856 | D:7      | Found a hide-covered altar of Uskayaw.
  7076 | D:7      | Noticed DoNotCum's ghost (novice DECj)
  7094 | D:7      | Found a bloodstained altar of Trog.
  7816 | D:7      | Reached skill level 5 in Invocations
  7984 | D:7      | Reached *** piety under Trog
  8715 | D:8      | Reached XP level 10. HP: 66/80 MP: 17/17
  8990 | D:9      | Noticed a two-headed ogre
  9022 | D:8      | Reached skill level 5 in Short Blades
  9022 | D:8      | Reached skill level 5 in Long Blades
  9022 | D:8      | Reached skill level 5 in Maces & Flails
  9022 | D:8      | Reached skill level 5 in Polearms
  9022 | D:8      | Reached skill level 5 in Staves
  9022 | D:8      | Reached skill level 5 in Ranged Weapons
  9022 | D:8      | Reached skill level 5 in Throwing
  9022 | D:8      | Reached skill level 5 in Armour
  9022 | D:8      | Reached skill level 5 in Stealth
  9022 | D:8      | Reached skill level 5 in Shields
  9022 | D:8      | Reached skill level 5 in Unarmed Combat
  9022 | D:8      | Reached skill level 5 in Spellcasting
  9022 | D:8      | Reached skill level 5 in Evocations
  9184 | D:9      | Killed a two-headed ogre
  9185 | D:9      | Reached skill level 5 in Shapeshifting
  9569 | D:9      | Found a stormy altar of Qazlal.
  9588 | D:9      | Reached **** piety under Trog
  9677 | D:9      | Noticed Pikel
  9699 | D:9      | Killed Pikel
  9813 | D:9      | Reached XP level 11. HP: 65/87 MP: 19/19
 10065 | D:10     | Entered Level 10 of the Dungeon
 10089 | D:10     | Found a staircase to the Lair.
 10164 | D:10     | Reached skill level 5 in Conjurations
 10164 | D:10     | Reached skill level 5 in Hexes
 10164 | D:10     | Reached skill level 5 in Summonings
 10164 | D:10     | Reached skill level 5 in Necromancy
 10164 | D:10     | Reached skill level 5 in Translocations
 10164 | D:10     | Reached skill level 5 in Transmutations
 10164 | D:10     | Reached skill level 5 in Fire Magic
 10164 | D:10     | Reached skill level 5 in Ice Magic
 10164 | D:10     | Reached skill level 5 in Air Magic
 10164 | D:10     | Reached skill level 5 in Earth Magic
 10164 | D:10     | Reached skill level 5 in Poison Magic
 10225 | D:10     | Found a staircase to the Orcish Mines.
 10277 | D:10     | Noticed Josephine
 10350 | D:10     | Found a flagged portal.
 10370 | D:10     | Noticed a two-headed ogre
 10379 | D:10     | Killed a two-headed ogre
 10393 | Bailey   | Entered a bailey
 10538 | Bailey   | Noticed a vault guard
 10548 | Bailey   | Killed a vault guard
 10595 | Bailey   | Noticed Prince Ribbit
 10595 | Bailey   | Noticed a vault guard
 10608 | Bailey   | Killed a vault guard
 10613 | Bailey   | Killed Prince Ribbit
 10708 | D:10     | Killed Josephine
 10725 | D:10     | Noticed a two-headed ogre
 10763 | D:10     | Killed a two-headed ogre
 10812 | D:10     | Noticed a two-headed ogre
 10848 | D:10     | Killed a two-headed ogre
 10849 | D:10     | Reached XP level 12. HP: 97/97 MP: 22/22
 11095 | D:10     | Found a radiant altar of Vehumet.
 11142 | D:10     | Noticed Harold
 11164 | D:10     | Killed Harold
 11346 | D:10     | Noticed Fannar
 11456 | D:10     | HP: 2/145 [skeletal warrior/+4 flail (20)]
 11617 | D:10     | Found a hazy altar of Hepliaklqana.
 11617 | D:10     | Found a faded altar of an unknown god.
 11781 | D:10     | Found a glowing golden altar of the Shining One.
 11785 | D:10     | Found an ornate altar of the Wu Jian Council.
 11787 | D:10     | Noticed a two-headed ogre
 11792 | D:10     | Killed a two-headed ogre
 11901 | D:11     | Noticed Gastronok
 11931 | D:10     | Killed Fannar
 12197 | D:11     | Killed Gastronok
 12198 | D:11     | Reached skill level 10 in Fighting
 12198 | D:11     | Reached skill level 10 in Axes
 12198 | D:11     | Reached skill level 10 in Dodging
 12280 | D:11     | Noticed Lodul
 12289 | D:11     | Killed Lodul
 12535 | D:11     | Noticed Maurice
 12549 | D:11     | Something stole 789 gold
 12550 | D:11     | Killed Maurice
 12897 | D:12     | Identified 2 scrolls of acquirement
 12903 | D:11     | Acquired the ring "Rumurole" {Will++ MP+9}
 12906 | D:11     | Acquired 784 gold pieces
 13031 | D:12     | Noticed a boulder beetle
 13046 | D:12     | Killed a boulder beetle
 13313 | D:12     | Reached XP level 13. HP: 86/104 MP: 25/25
 14125 | Lair:1   | Entered Level 1 of the Lair of Beasts
 14450 | Lair:1   | Identified the +7 quarterstaff of Blood {speed, rN+ Dex+3}
 15235 | Lair:2   | Reached ***** piety under Trog
 15698 | Lair:2   | HP: 5/105 [fire crab] (22)]
 16129 | Lair:2   | Found a staircase to the Swamp.
 16240 | Lair:3   | Noticed Xavori's ghost (journeyman DjCK)
 16248 | Lair:3   | Found a runed translucent gate.
 16249 | Lair:3   | Found a runed translucent gate.
 16251 | Lair:3   | Found a runed translucent gate.
 16278 | Lair:3   | Received a gift from Trog
 16280 | Lair:3   | Reached XP level 14. HP: 39/113 MP: 27/27
 16556 | Lair:3   | Identified the +5 short sword "Oggoczu" {freeze, rPois
                  | rC++}
 16576 | Lair:3   | Found a staircase to the Snake Pit.
 16694 | Lair:3   | Reached skill level 10 in Invocations
 17205 | Lair:3   | Noticed a dire elephant
 17218 | Lair:3   | Killed a dire elephant
 17700 | Lair:4   | Found a runed translucent door.
 17700 | Lair:4   | Found a shimmering altar of Xom.
 17700 | Lair:4   | Noticed jasper's ghost (journeyman HuFi)
 18658 | Lair:5   | Entered Level 5 of the Lair of Beasts
 18684 | Lair:5   | Noticed Sonja
 18706 | Lair:5   | Killed Sonja
 18730 | Lair:5   | Found a glowing golden altar of the Shining One.
 18803 | Lair:5   | Found a staircase to the Slime Pits.
 18813 | Lair:5   | Found a viscous altar of Jiyva.
 19047 | Lair:5   | Identified the +4 sling "Reshoore" {freeze, Fragile rPois
                  | Str+3}
 19738 | Lair:5   | Acquired a manual of Throwing
 19904 | Lair:5   | Found a burning altar of Makhleb.
 19923 | Lair:5   | Reached XP level 15. HP: 58/106 MP: 28/28
 19926 | Lair:5   | Reached skill level 10 in Throwing
 20213 | Lair:5   | Reached skill level 10 in Short Blades
 20213 | Lair:5   | Reached skill level 10 in Long Blades
 20213 | Lair:5   | Reached skill level 10 in Maces & Flails
 20213 | Lair:5   | Reached skill level 10 in Polearms
 20213 | Lair:5   | Reached skill level 10 in Staves
 20213 | Lair:5   | Reached skill level 10 in Ranged Weapons
 20213 | Lair:5   | Reached skill level 10 in Armour
 20213 | Lair:5   | Reached skill level 10 in Stealth
 20213 | Lair:5   | Reached skill level 10 in Shields
 20213 | Lair:5   | Reached skill level 10 in Unarmed Combat
 20213 | Lair:5   | Reached skill level 10 in Spellcasting
 20213 | Lair:5   | Reached skill level 10 in Evocations
 20271 | Lair:5   | Found a gateway to Hell.
 20512 | Orc:1    | Entered Level 1 of the Orcish Mines
 20568 | Orc:1    | Received a gift from Trog
 20644 | Orc:1    | Reached ****** piety under Trog
 20950 | Orc:2    | Entered Level 2 of the Orcish Mines
 21191 | Orc:2    | Found Vyism's General Store.
 21288 | Orc:2    | Found a staircase to the Elven Halls.
 22027 | Orc:2    | Found Mamiewym's Jewellery Shop.
 22031 | Orc:2    | Found Ikku's Antique Weapon Shop.
 22035 | Orc:2    | Gained mutation: You are robust. (+10% HP) [a neqoxec]
 22059 | Orc:2    | Bought a scroll of teleportation for 42 gold pieces
 22059 | Orc:2    | Bought a scroll of revelation for 105 gold pieces
 22064 | Orc:2    | Found Urcheoci's Book Emporium.
 22085 | Orc:2    | Bought the ring of Vyllanem {rF+ rC+ rN++ EV+5 Dex-3} for
                  | 795 gold pieces
 22419 | D:13     | Received a gift from Trog
 22917 | D:13     | Found a gate to the Vaults.
 23207 | D:13     | Found a burning altar of Makhleb.
 23650 | D:14     | Found Buzepn's Assorted Antiques.
 23672 | D:14     | Bought a scroll of identify for 56 gold pieces
 23979 | D:14     | Found a shimmering altar of Xom.
 24141 | D:14     | Found a snail-covered altar of Cheibriados.
 24806 | Orc:2    | Bought a ring of poison resistance for 260 gold pieces
 24813 | Orc:2    | Bought the ring "Wuteroypa" {Fire Fly Will+ Dex+3} for 598
                  | gold pieces
 24958 | Swamp:1  | Entered Level 1 of the Swamp
 25624 | Lair:3   | Killed Xavori's ghost
 26003 | Swamp:2  | Reached XP level 16. HP: 133/141 MP: 30/30
 26071 | Swamp:2  | Noticed a fenstrider witch
 26260 | Swamp:2  | Killed a fenstrider witch
 26453 | Swamp:2  | Reached skill level 10 in Shapeshifting
 26549 | Swamp:2  | You are sucked into a shaft and drop 1 floor!
 26557 | Swamp:3  | Received a gift from Trog
 26658 | Swamp:2  | Acquired the ring of Equivalence {*Corrode rElec rPois rF++
                  | EV+5}
 27278 | Swamp:3  | Noticed a thorn hunter
 27715 | Swamp:3  | Killed a thorn hunter
 28021 | Swamp:4  | Identified the "Jeumoa"
 28021 | Swamp:4  | Entered Level 4 of the Swamp
 28031 | Swamp:4  | Identified the +2 ring mail of Oblivion {Regen+ Int+3}
 28706 | Swamp:4  | Noticed the 27-headed Lernaean hydra
 28719 | Swamp:4  | HP: 10/214 [the 24-headed Lernaean hydra (2)]
 28720 | Swamp:4  | Slain by a swamp dragon

Illustrated notes

Levels and vault maps discovered:
D:1:      scummos_arrival_gate, layout_loops_ring
D:2:      layout_basic, basic_altar, uniq_robin
D:3:      layout_basic, cheibrodos_sewer_entry_bend, minmay_misc_feat_ornament,
          minmay_distorted, uniq_grinder, uniq_jessica
D:4:      layout_layer_cave, mainiacjoe_overflow_24_doors, serial_shops,
          shop_statue, kennysheep_generic_room_4
D:5:      layout_cave_pools, minmay_temple_entry_waves, uniq_blork_the_orc
D:6:      layout_loops_ring
D:7:      layout_loops_cross, nicolae_uskayaw_dance_hall,
          gammafunk_ghost_wrathful_warriors, grunt_ministairs_1, billiards_dpeg
D:8:      layout_basic, dk_vineyard_2
D:9:      layout_basic, nicolae_qazlal_style_of_elements, serial_bayou_lake_a,
          uniq_pikel
D:10:     layout_big_octagon, beargit_hepliaklqana_dungeon_heroes,
          vehumet_altar_wand_db, minitemple, enter_bailey_4, uniq_fannar,
          uniq_josephine, uniq_harold
D:11:     layout_rooms, uniq_gastronok, uniq_lodul, uniq_maurice
D:12:     layout_irregular_city
D:13:     layout_small_grid, david_vaults_1, bloody_makhleb
D:14:     layout_grid_maze, cheibriados_altar_1, serial_shops, shop,
          led_xom_imps
Temple:   hellmonk_temple_of_storms
Lair:1:   layout_loops_ring
Lair:2:   layout_regular_city, nicolae_swamp_entry_splash_gauntlet,
          nicolae_lair_lakeside_cave, grunt_megastairs_1
Lair:3:   mu_elephants_graveyard, layout_long_grid, dummy_snake_entry,
          gammafunk_ghost_split
Lair:4:   layout_cave_pods, ebering_ghost_xom
Lair:5:   evil_forest, layout_long_grid, slime_entry_1, basic_altar, uniq_sonja
Swamp:1:  layout_basic_swamp, evilmike_swamp_ruin_rubble_2,
          infiniplex_staircase_pool_2
Swamp:2:  layout_basic_swamp, serial_swamp_ruin, evilmike_swamp_ruin_house_4,
          evilmike_swamp_ruin_rubble_1, evilmike_swamp_ruin_house_3,
          swamp_pool_1_2, tekkud_bubbles_buried_in_this_jungle
Swamp:3:  layout_falls_marsh, evilmike_swamp_ruin_house_1
Swamp:4:  swamp_old_school, layout_basic_swamp, swamp_pool_1_2
Orc:1:    layout_caves, basic_altar, mines1_david
Orc:2:    st_orc_elflike, layout_diamond_mine, abandoned_shop

Skill      XL: |  1  2  3  4  5  6  7  8  9 10 11 12 13 14 15 16 |
---------------+-------------------------------------------------+-----
Invocations    | 1 2 3 4 5 6 7 8 9 10 11 12 | 12.3
Short Blades   | 1 2 3 4 5 7 8 9 10 11 | 11.3
Long Blades    | 1 2 3 4 5 7 8 9 10 11 | 11.3
Maces & Flails | 1 2 3 4 5 7 8 9 10 11 | 11.3
Polearms       | 1 2 3 4 5 7 8 9 10 11 | 11.3
Staves         | 1 2 3 4 5 7 8 9 10 11 | 11.3
Ranged Weapons | 1 2 3 4 5 7 8 9 10 11 | 11.3
Throwing       | 1 2 3 4 5 7 8 9 11 12 | 12.6
Armour         | 1 2 3 4 5 7 8 9 10 11 | 11.3
Stealth        | 1 2 3 4 5 7 8 9 10 11 | 11.3
Shields        | 1 2 3 4 5 7 8 9 10 11 | 11.3
Unarmed Combat | 1 2 3 4 5 7 8 9 10 11 | 11.3
Spellcasting   | 1 2 3 4 5 7 8 9 10 11 | 11.3
Evocations     | 1 2 3 4 5 7 8 9 10 11 | 11.3
Shapeshifting  | 1 2 3 4 5 6 7 8 9 10 | 10.4
Conjurations   | 1 2 3 4 5 6 7 8 9 |  9.5
Hexes          | 1 2 3 4 5 6 7 8 9 |  9.5
Summonings     | 1 2 3 4 5 6 7 8 9 |  9.5
Necromancy     | 1 2 3 4 5 6 7 8 9 |  9.5
Translocations | 1 2 3 4 5 6 7 8 9 |  9.5
Transmutations | 1 2 3 4 5 6 7 8 9 |  9.5
Fire Magic     | 1 2 3 4 5 6 7 8 9 |  9.5
Ice Magic      | 1 2 3 4 5 6 7 8 9 |  9.5
Air Magic      | 1 2 3 4 5 6 7 8 9 |  9.5
Earth Magic    | 1 2 3 4 5 6 7 8 9 |  9.5
Poison Magic   | 1 2 3 4 5 6 7 8 9 |  9.5
Fighting       | 7 8 9 10 11 12 13 | 13.0
Axes           | 7 8 9 10 11 12 13 | 13.0
Dodging        | 7 8 9 10 11 12 13 | 13.0

Action                     |  1- 3 |  4- 6 |  7- 9 | 10-12 | 13-15 | 16-18 || total
---------------------------+-------+-------+-------+-------+-------+-------++-------
  Melee: Hand axe          |    81 |       |       |       |       |       ||    81
         Bite              |    12 |    12 |    16 |    43 |   177 |    56 ||   316
         War axe           |    10 |   133 |    10 |       |       |       ||   153
         Long sword        |       |       |   179 |   244 |       |       ||   423
         Punch             |       |       |     3 |    13 |       |       ||    16
         Broad axe         |       |       |       |   172 |  1039 |   330 ||  1541
  Throw: Dart              |       |       |    18 |    54 |    31 |     3 ||   106
         Boomerang         |       |       |       |     8 |     1 |    40 ||    49
 Invoke: Berserk           |       |       |       |     6 |     2 |     1 ||     9
         Brothers in Arms  |       |       |       |     1 |       |       ||     1
  Evoke: Wand              |       |       |       |     6 |     9 |     7 ||    22
    Use: Scroll            |       |     1 |     6 |    18 |    15 |     7 ||    47
         Potion            |       |     1 |     3 |       |       |     1 ||     5
   Stab: Sleeping          |       |       |     1 |     3 |     3 |     1 ||     8
         Paralysed         |       |       |       |     5 |    12 |       ||    17
         Distracted        |       |       |       |     3 |    31 |     3 ||    37
         Invisible         |       |       |       |       |       |     2 ||     2
         Confused          |       |       |       |       |       |     1 ||     1
 Armour: Robe              |    29 |     2 |       |       |       |       ||    31
         Scale mail        |       |    50 |   122 |       |       |       ||   172
         Steam dragon scal |       |       |    30 |   202 |       |       ||   232
         Skin              |       |       |    16 |       |       |       ||    16
         Chain mail        |       |       |       |   105 |   831 |   426 ||  1362
  Dodge: Dodged            |    64 |    63 |   150 |   310 |   496 |   428 ||  1511
  Block: Buckler           |       |       |       |    21 |   168 |       ||   189
         Kite shield       |       |       |       |       |   222 |   278 ||   500

Table legend: (Time is in decaauts)
 A = Elapsed time spent in this place.
 B = Non-inter-level travel time spent in this place.
 C = Inter-level travel time spent in this place.
 D = Time resting spent in this place.
 E = Time spent auto-exploring this place.
 F = Levels seen in this place.
 G = Mean time per level.
                   A        B        C        D        E       F      G
               +--------+--------+--------+--------+--------+-----+--------+
         Total |  29505 |  27801 |   1704 |   1838 |  19171 |  28 | 1053.8 |
       Dungeon |  15679 |  14931 |    748 |    873 |  10552 |  14 | 1119.9 |
        Temple |    125 |    125 |      0 |     97 |      0 |   1 |  125.0 |
          Lair |   6846 |   6346 |    500 |    198 |   4821 |   5 | 1369.2 |
         Swamp |   3608 |   3302 |    306 |    463 |   1892 |   4 |  902.0 |
  Orcish Mines |   1902 |   1752 |    150 |     53 |   1259 |   2 |  951.0 |
         Sewer |   1070 |   1070 |      0 |     98 |    632 |   1 | 1070.0 |
        Bailey |    272 |    272 |      0 |     55 |     14 |   1 |  272.0 |
               +--------+--------+--------+--------+--------+-----+--------+

Top non-repeatable levels by time:
    D:10: 1783 daAuts
  Lair:5: 1765 daAuts
  Lair:2: 1578 daAuts
    D:12: 1437 daAuts
  Lair:3: 1377 daAuts
     D:4: 1349 daAuts
   Orc:2: 1312 daAuts
  Lair:4: 1288 daAuts
    D:14: 1245 daAuts
     D:2: 1203 daAuts
 Swamp:2: 1189 daAuts
     D:9: 1167 daAuts
     D:3: 1151 daAuts
   Sewer: 1070 daAuts
     D:7: 1048 daAuts

Levels and vault maps discovered:
D:1:      scummos_arrival_gate, layout_loops_ring
D:2:      layout_basic, basic_altar, uniq_robin
D:3:      layout_basic, cheibrodos_sewer_entry_bend, minmay_misc_feat_ornament,
          minmay_distorted, uniq_grinder, uniq_jessica
D:4:      layout_layer_cave, mainiacjoe_overflow_24_doors, serial_shops,
          shop_statue, kennysheep_generic_room_4
D:5:      layout_cave_pools, minmay_temple_entry_waves, uniq_blork_the_orc
D:6:      layout_loops_ring
D:7:      layout_loops_cross, nicolae_uskayaw_dance_hall,
          gammafunk_ghost_wrathful_warriors, grunt_ministairs_1, billiards_dpeg
D:8:      layout_basic, dk_vineyard_2
D:9:      layout_basic, nicolae_qazlal_style_of_elements, serial_bayou_lake_a,
          uniq_pikel
D:10:     layout_big_octagon, beargit_hepliaklqana_dungeon_heroes,
          vehumet_altar_wand_db, minitemple, enter_bailey_4, uniq_fannar,
          uniq_josephine, uniq_harold
D:11:     layout_rooms, uniq_gastronok, uniq_lodul, uniq_maurice
D:12:     layout_irregular_city
D:13:     layout_small_grid, david_vaults_1, bloody_makhleb
D:14:     layout_grid_maze, cheibriados_altar_1, serial_shops, shop,
          led_xom_imps
Temple:   hellmonk_temple_of_storms
Lair:1:   layout_loops_ring
Lair:2:   layout_regular_city, nicolae_swamp_entry_splash_gauntlet,
          nicolae_lair_lakeside_cave, grunt_megastairs_1
Lair:3:   mu_elephants_graveyard, layout_long_grid, dummy_snake_entry,
          gammafunk_ghost_split
Lair:4:   layout_cave_pods, ebering_ghost_xom
Lair:5:   evil_forest, layout_long_grid, slime_entry_1, basic_altar, uniq_sonja
Swamp:1:  layout_basic_swamp, evilmike_swamp_ruin_rubble_2,
          infiniplex_staircase_pool_2
Swamp:2:  layout_basic_swamp, serial_swamp_ruin, evilmike_swamp_ruin_house_4,
          evilmike_swamp_ruin_rubble_1, evilmike_swamp_ruin_house_3,
          swamp_pool_1_2, tekkud_bubbles_buried_in_this_jungle
Swamp:3:  layout_falls_marsh, evilmike_swamp_ruin_house_1
Swamp:4:  swamp_old_school, layout_basic_swamp, swamp_pool_1_2
Orc:1:    layout_caves, basic_altar, mines1_david
Orc:2:    st_orc_elflike, layout_diamond_mine, abandoned_shop
